 Dungeon Crawl Stone Soup version 0.30-a0-722-g3e6e8c874d (webtiles) character file.

Game seed: 17048093213554611478

237 Dittersdorf the Shield-Bearer (level 6, -2/39 HPs)
             Began as a Gargoyle Fighter on Jan 27, 2023.
             Slain by Grinder (4 damage)
             ... on level 3 of the Dungeon.
             The game lasted 00:04:19 (2355 turns).

Dittersdorf the Shield-Bearer (Gargoyle Fighter)    Turns: 2355, Time: 00:04:19

Health: -2/39      AC: 12    Str: 22    XL:     6   Next: 6%
Magic:  6/6        EV:  9    Int:  8    God:
Gold:   152        SH:  4    Dex:  9    Spells: 5/5 levels left

rFire   . . .      SeeInvis .    a - +0 flail
rCold   . . .      Faith    .    c - +0 buckler
rNeg    + . .      Spirit   .    b - +0 scale mail
rPois   ∞          Reflect  .    (no helmet)
rElec   +          Harm     .    (no cloak)
rCorr   .          Rampage  .    (no gloves)
Will    .....                    m - +0 pair of boots Stlth
                                 (no amulet)
HPRegen 0.26/turn                (no ring)
MPRegen 0.10/turn                (no ring)

@: no status effects
A: sickness immunity, AC +4, negative energy resistance 1, electricity
resistance, torment resistance 1, petrification resistance
a: no special abilities


You were on level 3 of the Dungeon.
You visited 1 branch of the dungeon, and saw 4 of its levels.

You collected 152 gold pieces.

Inventory:

Hand Weapons
 a - a +0 flail (weapon)
Armour
 b - a +0 scale mail (worn)
 c - a +0 buckler (worn)
 m - a +0 pair of boots (worn)
Scrolls
 e - 4 scrolls of identify {unknown}
 f - 4 scrolls of teleportation {unknown}
 g - a scroll of immolation {unknown}
 h - a scroll of noise {unknown}
 k - a scroll of enchant armour {unknown}
 l - 2 scrolls of acquirement {unknown}
 s - a scroll of amnesia {unknown}
Potions
 d - 2 potions of might
 i - 2 potions of brilliance {unknown}
 j - 3 potions of curing {unknown}
 n - 2 potions of cancellation {unknown}
 o - 3 potions of heal wounds {unknown}
 p - 2 potions of lignification {unknown}
 q - a potion of resistance {unknown}


   Skills:
 + Level 4.5 Fighting
 + Level 3.4 Maces & Flails
 + Level 4.6 Armour
 + Level 4.6 Shields


You had 5 spell levels left.
You didn't know any spells.
Your spell library contained the following spells:

 Spells                   Type           Power      Damage    Failure   Level
 Blink                    Tloc           0%         N/A       91%         2
 Lesser Beckoning         Tloc           0%         N/A       91%         2
 Momentum Strike          Conj/Tloc      0%         3d8       91%         2


Dungeon Overview and Level Annotations

Branches:
Dungeon (4/15)
 Temple: D:4-7

Altars:
Gozag

Shops:
D:3 *

Annotations:
D:3 Grinder


Innate Abilities, Weirdness & Mutations

You are immune to sickness and miasma.
Your stone body is resilient. (AC +4)
You are immune to poison.
You resist negative energy. (rN+)
You are resistant to electric shocks. (rElec)
You are resistant to unholy torment.
You are immune to petrification.


Message History

You closely miss Grinder.
Grinder is moderately wounded.
Grinder gestures at you.
You suddenly lose the ability to move!
Grinder blinks!
You can move again.
There is an open door here.
You hit Grinder but do no damage.
Grinder is moderately wounded.
Grinder says, "Mostly I couldn't keep them alive."
Grinder gestures at you.
You shrug off the repeated paralysis!
You closely miss Grinder.
Grinder is moderately wounded.
Grinder hits you. x2; You writhe in agony.
You barely miss Grinder.
Grinder is moderately wounded.
Grinder closely misses you.
You closely miss Grinder.
Grinder is moderately wounded.
Grinder hits you but does no damage. Grinder gestures at you.
You suddenly lose the ability to move!
Grinder hits you!
You writhe in agony.
Grinder hits you.
You writhe in agony.
Grinder hits you but does no damage. Grinder hits you!
* * * LOW HITPOINT WARNING * * *
You can move again.
Throw: dart (poison)
Press: ? - help, Q - select action Shift-Dir - straight line, f/p - Grinder
Aim: Grinder (moderately wounded, 52% to hit)
You throw a poisoned dart. The poisoned dart hits Grinder.
Grinder is moderately wounded.
Grinder hits you.
* * * LOW HITPOINT WARNING * * *
You writhe in agony.
* * * LOW HITPOINT WARNING * * *
Grinder attacks as you move away! Grinder hits you.
You die...

#.......#
#.###.#.####### #.#
#.<.......# ##+# #.#
#.#.#####.# #(..# #.#
#...).# #.# .....# #.#
#.#.#.###.#
...(((##.###.........#
......(#...........###
.(....5@.......#.#.#
.....$.####...##.#.#
.(....# ##.###.#.#
.(...# #.....#.# #...#
#..####.# ##+# #..#
#.# #..####.#
########.......#
..........######


You could see Grinder.

Vanquished Creatures
  2 hounds
  5 gnolls
  8 adders
  A dart slug (D:4)
  2 endoplasms
  A giant cockroach (D:1)
  3 goblins
  5 hobgoblins
  7 jackals (D:2)
  8 kobolds
  2 quokkas
  4 ball pythons
  4 bats
  6 frilled lizards
  A rat (D:1)
59 creatures vanquished.

Notes
Turn   | Place    | Note
-------+----------+-------------------------------------------
     0 | D:1      | Dittersdorf the Gargoyle Fighter began the quest for the
                  | Orb.
     0 | D:1      | Reached XP level 1. HP: 14/14 MP: 1/1
   228 | D:1      | Reached XP level 2. HP: 19/19 MP: 2/2
   241 | D:1      | Found a faded altar of an unknown god.
   841 | D:2      | Reached XP level 3. HP: 15/23 MP: 3/3
   947 | D:2      | Reached XP level 4. HP: 22/29 MP: 4/4
  1037 | D:2      | You fall into a shaft and drop 2 floors!
  1038 | D:4      | yay!
  1386 | D:3      | Reached XP level 5. HP: 9/33 MP: 5/5
  1624 | D:3      | Found Gozag's Platinum Reserve.
  1628 | D:3      | Found an opulent altar of Gozag.
  2033 | D:2      | Reached XP level 6. HP: 39/39 MP: 6/6
  2325 | D:3      | Noticed Grinder
  2331 | D:3      | Paralysed by Grinder for 3 turns
  2343 | D:3      | Paralysed by Grinder for 2 turns
  2349 | D:3      | Paralysed by Grinder for 5 turns
  2355 | D:3      | Slain by Grinder

Illustrated notes

###
..#
##.##
...
#.#
#@#
#.#
..#
..##
...
....
#....
###..


Turn 1038 on D:4: yay!

Levels and vault maps discovered:
D:1:      minmay_arrival_jagged, layout_basic,
          shapermc_ecumenical_altar_starsandcircs
D:2:      layout_basic
D:3:      layout_loops_corners, nicolae_gozag_zags_fifth_avenue,
          marbit_many_paths, nicolae_hepliaklqana_hazy_memory, uniq_grinder
D:4:      layout_loops_corners, kennysheep_little_box, uniq_crazy_yiuf_cottage,
          uniq_ijyb

Skill      XL: |  1  2  3  4 |
---------------+-------------+-----
Fighting       | 4 |  4.5
Armour         | 4 |  4.6
Shields        | 4 |  4.6
Maces & Flails | 3 |  3.4

Action                     |  1- 3 |  4- 6 || total
---------------------------+-------+-------++-------
  Melee: Flail             |   107 |   135 ||   242
  Throw: Dart              |       |    10 ||    10
 Armour: Scale mail        |    70 |    97 ||   167
  Dodge: Dodged            |    63 |    71 ||   134
  Block: Buckler           |    32 |    38 ||    70

Table legend: (Time is in decaauts)
 A = Elapsed time spent in this place.
 B = Non-inter-level travel time spent in this place.
 C = Inter-level travel time spent in this place.
 D = Time resting spent in this place.
 E = Time spent auto-exploring this place.
 F = Levels seen in this place.
 G = Mean time per level.
                   A        B        C        D        E       F      G
               +--------+--------+--------+--------+--------+-----+--------+
         Total |   2429 |   2365 |     64 |    197 |   1511 |   4 |  607.2 |
       Dungeon |   2429 |   2365 |     64 |    197 |   1511 |   4 |  607.2 |
               +--------+--------+--------+--------+--------+-----+--------+

Top non-repeatable levels by time:
     D:1: 989 daAuts
     D:2: 669 daAuts
     D:3: 428 daAuts
     D:4: 341 daAuts
